 Dungeon Crawl Stone Soup version 0.22.1-2-g9c5b331 (webtiles) character file.

1828 Tr0llz0r the Cleaver (level 9, 0/77 HPs)
             Began as a Hill Orc Fighter on Jan 4, 2019.
             Was a Believer of Okawaru.
             Slain by a gnoll
             ... wielding a +0 spear
              (1 damage)
             ... on level 7 of the Dungeon.
             The game lasted 00:23:58 (7347 turns).

Tr0llz0r the Cleaver (Hill Orc Fighter)             Turns: 7347, Time: 00:23:59

Health: 0/77       AC: 16    Str: 23 (26) XL:     9   Next: 11%
Magic:  9/9        EV:  7    Int:  7 (8)  God:    Okawaru [**....]
Gold:   288        SH: 11    Dex:  8 (10) Spells: 8/8 levels left

rFire    . . .     SeeInvis .   a - +0 war axe
rCold    + . .     Gourm    .   c - +1 shield
rNeg     . . .     Faith    .   o - +0 plate armour
rPois    .         Spirit   .   i - +0 helmet
rElec    .         Reflect  .   z - +0 cloak
rCorr    .         Harm     .   s - +0 pair of gloves
MR       .....                  (no boots)
Stlth    ..........             (no amulet)
HPRegen  0.22/turn              j - ring of stealth
MPRegen  0.11/turn              (no ring)

@: lethally poisoned (0 -> -8), drained
A: repulsion field 1, cold resistance 1, strong 2
a: Heroism, Renounce Religion


You were on level 7 of the Dungeon.
You worshipped Okawaru.
Okawaru was pleased with you.
You were not hungry.

You visited 2 branches of the dungeon, and saw 8 of its levels.

You collected 288 gold pieces.

Inventory:

Hand Weapons
 a - a +0 war axe (weapon)
 e - a +0 whip
 l - a +0 flail
 m - a +0 spear
 u - a +0 falchion
 v - a +6 flail of protection
 y - a +0 morningstar
 A - a +1 trident of piercing
 B - a +0 halberd
Missiles
 d - 4 tomahawks
 k - 17 bolts
 p - 88 stones (quivered)
Armour
 c - a +1 shield (worn)
 i - a +0 helmet (worn)
 n - a +0 buckler
 o - a +0 plate armour (worn)
 s - a +0 pair of gloves (worn)
 z - a +0 cloak (worn)
Jewellery
 j - a ring of stealth (left hand)
Wands
 q - a wand of acid (9)
 t - a wand of polymorph (7)
 w - a wand of enslavement (20)
 x - a wand of paralysis (14)
Scrolls
 g - 11 scrolls of identify
 r - 3 scrolls of remove curse
Potions
 b - 2 potions of flight
Comestibles
 f - 3 rations


   Skills:
 + Level 6.3(5.9) Fighting
 + Level 9.8(9.4) Axes
 + Level 0.1(0.0) Throwing
 + Level 6.4(6.0) Armour
 + Level 1.7(1.3) Dodging
 + Level 0.7(0.3) Stealth
 + Level 6.5(6.0) Shields


You had 8 spell levels left.
You didn't know any spells.
Your spell library contained the following spells:

 Spells                   Type           Power        Failure   Level  Hunger
 Sandblast                Erth           #.....       100%        1    ##.....
 Passwall                 Tmut/Erth      #.......     100%        2    ###....
 Stone Arrow              Conj/Erth      #.....       100%        3    ####...
 Petrify                  Tmut/Erth      #.......     100%        4    #####..
 Lee's Rapid Deconstruct  Erth           #.........   100%        5    ######.


Dungeon Overview and Level Annotations

Branches:
Dungeon (7/15)             Temple (1/1) D:4

Altars:
Ashenzari
Cheibriados
Fedhas
Gozag
Hepliaklqana
Nemelex Xobeh
Okawaru
Qazlal
Vehumet
Wu Jian
Yredelemnul

Annotations:
D:5 Prince Ribbit


Innate Abilities, Weirdness & Mutations

You are surrounded by a mild repulsion field. (EV +2)
Your flesh is cold resistant. (rC+)
Your muscles are very strong. (Str +4)


Message History

* * * LOW HITPOINT WARNING * * *
You block the gnoll's attack. The gnoll hits you but does no damage.
You are lethally poisoned!
You slash the gnoll!
You kill the gnoll!
Okawaru accepts your kill.
* * * LOW HITPOINT WARNING * * *
You feel sick.
The gnoll sergeant hits you but does no damage.
You writhe in agony.
* * * LOW HITPOINT WARNING * * *
The gnoll hits you from afar with a spear of venom.
* * * LOW HITPOINT WARNING * * *
* * * LOW HITPOINT WARNING * * *
You feel sick.
The gnoll sergeant hits you with a trident of pain.
* * * LOW HITPOINT WARNING * * *
The gnoll closely misses you.
The gnoll hits you from afar with a spear.
You die...

.. ##. #.. .. # ##
#######.#.# ##.
###.......#.# #..#
......g.....# #)
#..gg@...# #[
#####)...###.# #<
#.............#####.
#...##...............
#.### ..#########.###
## ..# #. ..# # ..#
###


You could see a gnoll sergeant and 2 gnolls.

Vanquished Creatures
  Edmund (D:4)
  An orc warrior (D:6)
  2 phantoms
  An ice beast (D:6)
  2 sky beasts
  An ogre (D:4)
  A gnoll sergeant (D:6)
  4 wights (D:7)
  A crimson imp (D:5)
  A bullfrog zombie (D:6)
  3 orc priests
  A gnoll shaman (D:7)
  A hound (D:5)
  A jelly (D:7)
  3 orc wizards
  A bullfrog skeleton (D:6)
  4 worker ants
  3 iguanas (D:4)
  A hound zombie (D:7)
  A worker ant zombie (D:5)
  11 gnolls
  9 adders
  2 shadow imps (D:5)
  An ooze (D:5)
  An adder skeleton (D:4)
  A worm (D:3)
  2 dart slugs (D:1)
  2 leopard geckos
  20 orcs
  A ball python (D:1)
  8 bats
  3 giant cockroaches
  4 goblins
  5 hobgoblins
  11 jackals
  3 quokkas
  5 frilled lizards
  2 kobolds
  A leopard gecko skeleton (D:5)
  2 quokka zombies
  4 rats
132 creatures vanquished.

Notes
Turn   | Place    | Note
-------+----------+-------------------------------------------
     0 | D:1      | Tr0llz0r the Hill Orc Fighter began the quest for the Orb.
     0 | D:1      | Reached XP level 1. HP: 19/19 MP: 1/1
    21 | D:1      | Reached skill level 3 in Axes
    73 | D:1      | Reached XP level 2. HP: 26/27 MP: 2/2
   464 | D:1      | Reached XP level 3. HP: 33/33 MP: 3/3
   849 | D:2      | Reached XP level 4. HP: 30/40 MP: 4/4
  2221 | D:3      | Reached skill level 4 in Axes
  2393 | D:4      | Reached XP level 5. HP: 43/46 MP: 5/5
  2490 | D:4      | Found a staircase to the Ecumenical Temple.
  2600 | D:4      | Reached skill level 5 in Axes
  2726 | D:4      | Noticed Edmund
  2747 | D:4      | Killed Edmund
  2747 | D:4      | Reached skill level 6 in Axes
  2747 | D:4      | Reached skill level 1 in Dodging
  2747 | D:4      | Reached XP level 6. HP: 53/53 MP: 6/6
  2767 | D:4      | Noticed a phantom
  2789 | D:4      | Killed a phantom
  3008 | D:4      | Reached XP level 7. HP: 40/60 MP: 7/7
  3025 | D:4      | Reached skill level 5 in Armour
  3105 | D:4      | You fall through a shaft for 2 floors!
  3132 | D:5      | Entered Level 5 of the Dungeon
  3160 | D:5      | Reached skill level 5 in Fighting
  3188 | D:5      | Reached skill level 7 in Axes
  3313 | Temple   | Entered the Ecumenical Temple
  3390 | Temple   | Became a worshipper of Warmaster Okawaru
  4855 | D:5      | Noticed Prince Ribbit
  4881 | D:5      | Gained mutation: Your flesh is cold resistant. (rC+)
                  | [potion of mutation]
  4881 | D:5      | Gained mutation: You are surrounded by a mild repulsion
                  | field. (EV +2) [potion of mutation]
  4881 | D:5      | Gained mutation: Your muscles are strong. (Str +2) [potion
                  | of mutation]
  4881 | D:5      | Gained mutation: Your muscles are very strong. (Str +4)
                  | [potion of mutation]
  5726 | D:6      | Reached skill level 8 in Axes
  5726 | D:6      | Reached XP level 8. HP: 15/69 MP: 8/8
  6170 | D:6      | Found a radiant altar of Vehumet.
  6298 | D:6      | Reached * piety under Okawaru
  6315 | D:6      | Reached skill level 5 in Shields
  6599 | D:6      | Reached skill level 9 in Axes
  7300 | D:7      | Reached ** piety under Okawaru
  7300 | D:7      | Reached XP level 9. HP: 51/75 MP: 9/9
  7347 | D:7      | HP: 3/77 [poisoned by a gnoll]
  7347 | D:7      | HP: 1/77 [gnoll sergeant/trident of pain (2)]
  7347 | D:7      | Slain by a gnoll

Skill      XL: |  1  2  3  4  5  6  7  8 |
---------------+-------------------------+-----
Axes           | 3 4 6 8 9 |  9.8
Fighting       | 4 5 6 |  6.3
Armour         | 4 5 6 |  6.4
Shields        | 4 6 |  6.5
Dodging        | 1 |  1.7
Throwing       | |  0.1
Stealth        | |  0.7

Action                   |  1- 3 |  4- 6 |  7- 9 || total
-------------------------+-------+-------+-------++-------
Melee: War axe           |    81 |   129 |   347 ||   557
Throw: Stone             |       |       |     1 ||     1
  Use: Scroll            |     1 |     7 |     5 ||    13
       Potion            |       |     3 |    10 ||    13
  Eat: Chunk             |       |     2 |     2 ||     4
       Ration            |       |     1 |     4 ||     5
Armor: Scale mail        |    62 |    55 |    75 ||   192
       Skin              |       |     5 |       ||     5
       Plate armour      |       |       |    71 ||    71
Dodge: Dodged            |    36 |    41 |   129 ||   206
Block: Shield            |    66 |    80 |   234 ||   380
